 Dungeon Crawl Stone Soup version 0.27-a0-1548-gf8a67e7463 (webtiles) character file.

Game seed: 559605837398014812

339642 robertstho the Executioner (level 21, -3/203 (207) HPs)
             Began as a Minotaur Berserker on July 13, 2021.
             Was the Champion of Trog.
             Killed from afar by a deep elf sorcerer (40 damage)
             ... with damnation
             ... on level 3 of the Elven Halls.
             The game lasted 01:16:57 (47406 turns).

robertstho the Executioner (Minotaur Berserker)    Turns: 47406, Time: 01:16:59

HP:   -3/203 (207)  AC: 36    Str: 29    XL:     21   Next: 5%
MP:   20/20         EV:  9    Int:  8    God:    Trog [******]
Gold: 2117          SH: 25    Dex: 12    Spells: 20/20 levels left

rFire    + . .     SeeInvis +   O - +8 war axe of the Saving Ass {drain, Will+ Int+3}
rCold    x . .     Faith    .   e - +0 tower shield
rNeg     . . .     Spirit   .   V - +2 plate armour
rPois    +         Reflect  +   K - +2 hat
rElec    .         Harm     .   g - +2 cloak {rPois}
rCorr    .         Rampage  .   S - +2 pair of gloves
Will     +++..                  b - +4 pair of boots "Lyrphiud" {Will+ Slay+4}
Stlth    ..........             k - amulet of reflection
HPRegen  0.43/turn              F - ring of fire
MPRegen  0.17/turn              J - ring of see invisible

@: lethally poisoned (-3 -> -8), studying Dodging, lightly drained
A: horns 2, retaliatory headbutt
}: 2/15 runes: decaying, serpentine
a: Renounce Religion, Berserk, Trog's Hand, Brothers in Arms


You were on level 3 of the Elven Halls.
You worshipped Trog.
Trog was exalted by your worship.
You visited 6 branches of the dungeon, and saw 34 of its levels.
You visited 1 bazaar.
You also visited: Ossuary and Bailey.

You collected 4950 gold pieces.
You spent 2833 gold pieces at shops.

Inventory:

Hand Weapons
 M - the +6 executioner's axe "Zomugig" {flame, rF+}
   (Trog gifted it to you on level 8 of the Dungeon)

   It has been specially enchanted to burn those struck by it, causing extra
   injury to most foes and up to half again as much damage against particularly
   susceptible opponents.
   Big, fiery blades are also staple armaments of hydra-hunters.
   rF:        It protects you from fire.
 O - the +8 war axe of the Saving Ass (weapon) {drain, Will+ Int+3}
   (You bought it in a shop on level 2 of the Elven Halls)

   A truly terrible weapon, it drains the life of those it strikes.
   Int:       It affects your intelligence (+3).
   Will:      It increases your willpower.
 Q - a +1 hand axe of flaming
Armour
 b - the +4 pair of boots "Lyrphiud" (worn) {Will+ Slay+4}
   (You bought it in a shop on level 2 of the Orcish Mines)

   Slay:      It affects your accuracy & damage with ranged weapons and melee
   (+4).
   Will:      It increases your willpower.
 d - a scarf of invisibility
 e - a +0 tower shield (worn)
 g - a +2 cloak of poison resistance (worn)
 p - a scarf of resistance
 x - the +0 cloak of the Louse {rCorr}
   (You found it on level 1 of the Snake Pit)

   rCorr:     It protects you from acid and corrosion.
 K - a +2 hat (worn)
 S - a +2 pair of gloves (worn)
 T - a +2 chain mail of cold resistance
 V - a +2 plate armour (worn)
Jewellery
 c - a ring of protection from cold
 f - the amulet of Nuukhlon {rF+ rC+ Will+ Regen+ Slay+2}
   (You found it on level 4 of the Swamp)

   [amulet of regeneration]

   Slay:      It affects your accuracy & damage with ranged weapons and melee
   (+2).
   rF:        It protects you from fire.
   rC:        It protects you from cold.
   Regen:     It increases your rate of health regeneration.
   Will:      It increases your willpower.
 j - a ring of poison resistance
 k - an amulet of reflection (around neck)
 m - the ring "Beuret" {*Corrode rPois rC+ Will- Int+8}
   (You found it on level 4 of the Swamp)

   [ring of protection from cold]

   Int:       It affects your intelligence (+8).
   rC:        It protects you from cold.
   rPois:     It protects you from poison.
   *Corrode:  It may corrode you when you take damage.
   Will:      It decreases your willpower.
 u - a ring of ice
 F - a ring of fire (left hand)
 J - a ring of see invisible (right hand)
Wands
 v - a wand of iceblast (39)
 y - a wand of digging (10)
 Y - a wand of acid (17)
 Z - a wand of mindburst (15)
Scrolls
 i - 2 scrolls of fog
 l - 16 scrolls of teleportation
 n - 6 scrolls of fear
 r - 9 scrolls of enchant armour
 t - a scroll of holy word
 A - 9 scrolls of immolation
 C - a scroll of brand weapon
 D - 7 scrolls of enchant weapon
 L - a scroll of silence
 P - 19 scrolls of identify
 U - 3 scrolls of summoning
 W - 5 scrolls of magic mapping
Potions
 h - 4 potions of mutation
 o - 7 potions of attraction
 q - a potion of flight
 w - 7 potions of ambrosia
 z - 4 potions of haste
 B - 4 potions of heal wounds
 E - 5 potions of cancellation
 G - 5 potions of invisibility
 H - 5 potions of might
 N - 13 potions of curing
 X - 2 potions of resistance
Miscellaneous
 s - a phantom mirror


   Skills:
 * Level 22.1 Fighting
 + Level 24.1 Axes
 * Level 20.3 Armour
 + Level 8.6 Dodging
 + Level 11.7 Shields
 + Level 1.2 Unarmed Combat
 + Level 4.3 Evocations


You had 20 spell levels left.
You didn't know any spells.
Your spell library was empty.

Dungeon Overview and Level Annotations

Branches:
Dungeon (15/15)            Temple (0/1) D:7            Lair (6/6) D:9
  Swamp (4/4) Lair:4        Snake (4/4) Lair:4        Slime (0/5) Lair:5
    Orc (2/2) D:10            Elf (3/3) Orc:2        Vaults (0/5) D:14
Ossuary (visited)          Bailey (visited)
 Depths: D:15

Altars:
Cheibriados
Dithmenos
Hepliaklqana
Kikubaaqudgha
Okawaru
Ru
Beogh
Jiyva

Shops:
D:5 [   D:11 *   Orc:1 ?   Orc:2 *(((   Elf:1 **?   Elf:2 (

Annotations:
D:11 exclusion: 2 oklob plants
Lair:5 1 runed translucent door
Lair:6 exclusion: 4 oklob plants


Innate Abilities, Weirdness & Mutations

You have a pair of horns on your head.
You reflexively headbutt those who attack you in melee.


Message History

Aim: a deep elf annihilator, wielding a +0 short sword and wearing a +0 leather armour (moderately wounded, spells empowered) Attack!
The deep elf annihilator hits your deep troll with a +0 short sword.
Your deep troll bites the deep elf annihilator!
Your deep troll claws the deep elf annihilator! x2
The deep elf sorcerer casts a spell at you.
The bolt of acid hits your deep troll!!
Your deep troll is splashed with acid!
Your deep troll dies!
Your deep troll's corpse disappears in a puff of smoke!
The deep elf annihilator casts a spell at you.
The poison arrow hits you!!
You are poisoned.
You partially resist.
* * * LOW HITPOINT WARNING * * *
Unknown command.
Aiming: Iceblast
Press: ? - help, Shift-Dir - straight line, f/p - deep elf annihilator
Aim: a deep elf annihilator, wielding a +0 short sword and wearing a +0 leather armour (severely wounded, spells empowered)
The mass of ice explodes!
The iceblast engulfs the deep elf annihilator!!
You kill the deep elf annihilator!
Trog accepts your kill.
Trog appreciates your killing of a magic user.
The iceblast engulfs the deep elf sorcerer!
The deep elf sorcerer is severely wounded.
You feel very sick.
You hear a shout! x2
The deep elf sorcerer gestures at you while chanting.
The bolt of acid hits you!
* * * LOW HITPOINT WARNING * * *
You are splashed with acid!
* * * LOW HITPOINT WARNING * * *
You hear a shout!
You feel much better.
Your skin stops crawling.
You feel less strong-willed.
You feel sick.
You hear a shout! x2
The deep elf sorcerer gestures at you while chanting.
The sphere of damnation explodes!
The damnation engulfs you!!!
You die...

#.))##eE3...
#..)).e1e.#
#.)e##eeE.#
#.)e.#
eā—‹.#
###e##
e.ā—‹# #.#
$.. #.# ..
##.# . #.@#
##.## #..#
#.## ##.#
#).# #.##
#.# ###.#


You could see a deep elf sorcerer (fast, empowered) and 2 deep elf
demonologists.

Vanquished Creatures
  Rupert (D:12)
  The ghost of Zukhihyth the Peltast, an adept DDFi of Makhleb (Swamp:4)
  Gastronok (Lair:3)
  The ghost of Piask the Bludgeoner, an adept FoAK of Lugonu (Swamp:4)
  The ghost of Kacaoki the Warrior, an adept MiBe of Trog (Swamp:4)
  A thorn hunter (Swamp:4)
  Kirke (Lair:4)
  The ghost of lunkers the Martial Artist, an adept GnTm of Ashenzari (Snake:4)
  2 fenstrider witches
  3 nagarajas (Snake:4)
  2 deep elf sorcerers
  An orc warlord (Orc:1)
  3 deep elf elementalists
  Aizul (Snake:3)
  Nessos (D:14)
  3 deep elf annihilators
  8 bunyips
  3 eleionomae (Swamp:4)
  2 shambling mangroves
  3 salamander tyrants (Snake:4)
  19 naga warriors
  6 boulder beetles
  2 catoblepae (Lair:4)
  19 hydras
  9 two-headed ogres
  10 anacondas
  19 death yaks
  23 dancing weapons
  4 centaur warriors
  9 alligators
  2 tengu warriors
  2 orc high priests
  14 deep elf knights
  16 naga sharpshooters
  8 shock serpents
  4 salamander mystics
  Nergalle (Lair:4)
  3 skeletal warriors (D:11)
  3 goliath frogs
  4 sea snakes (Snake:2)
  5 naga ritualists
  A bog body (Swamp:3)
  2 wizards
  4 deep elf archers
  2 spriggan druids
  9 swamp dragons
  31 deep elf zephyrmancers
  2 lindwurms (Swamp:4)
  30 deep elf pyromancers
  3 ugly things (D:14)
  3 orc sorcerers
  14 mana vipers
  14 orc knights
  18 salamanders
  2 will-o-the-wisps (Swamp:3)
  3 cyclopes
  2 manticores
  7 elephants
  8 guardian serpents
  27 black mambas
  Maurice (D:8)
  17 naga magi
  A gargoyle (D:11)
  5 yaktaurs (D:12)
  An unseen horror (shapeshifter) (D:9)
  13 cane toads
  An unseen horror (D:12)
  A rime drake (Lair:5)
  8 komodo dragons
  A rime drake (shapeshifter) (D:9)
  A tengu conjurer (D:13)
  2 torpor snails (Lair:6)
  2 queen bees
  6 trolls
  A troll (shapeshifter) (D:15)
  A bloated husk (Swamp:4)
  11 hornets
  3 tyrant leeches
  3 meliai (D:14)
  12 polar bears
  21 blink frogs
  12 dream sheep
  7 slime creatures
  Sigmund (D:5)
  2 air elementals
  A shadow (D:13)
  A spriggan (shapeshifter) (Elf:3)
  48 yaks
  3 fire elementals
  7 wyverns
  A water elemental (Elf:1)
  19 spriggans
  A yak (shapeshifter) (D:15)
  A human (shapeshifter) (Elf:2)
  3 wraiths
  A steam dragon (Lair:5)
  4 basilisks
  21 humans
  15 vampire mosquitoes
  6 wargs
  11 swamp worms
  2 acid dragons
  54 nagas
  18 water moccasins
  A hornet zombie (D:5)
  6 swamp drakes (Swamp:4)
  59 orc warriors
  5 black bears
  A sky beast (shapeshifter) (D:13)
  An ice beast (D:4)
  A sky beast (D:6)
  78 wolves
  4 necrophages
  3 boggarts (Lair:6)
  6 centaurs
  7 ogres
  2 phantoms
  A kobold brigand (D:8)
  17 bullfrogs
  3 gnoll sergeants
  A wyvern zombie (D:8)
  2 earth elementals
  A water moccasin zombie (D:5)
  3 scorpions
  A wyvern skeleton (D:3)
  2 water moccasin skeletons (D:5)
  60 killer bees
  An electric eel (D:8)
  4 wights (D:8)
  A howler monkey (D:7)
  3 jellies
  A bullfrog zombie (D:6)
  12 centaur zombies
  3 hounds (D:5)
  22 orc priests
  A centaur skeleton (D:4)
  2 bullfrog skeletons
  3 iguanas
  25 orc wizards
  A hound skeleton (D:4)
  7 mummies
  8 howler monkey zombies
  7 adders
  25 gnolls
  A howler monkey skeleton (D:6)
  A shadow imp (D:7)
  2 worms
  5 dart slugs
  103 orcs
  11 endoplasms
  4 giant cockroaches
  20 goblins
  22 hobgoblins
  8 jackals
  5 quokkas
  10 ball pythons
  11 bats
  6 frilled lizards
  3 goblin zombies
  A hobgoblin zombie (Ossuary)
  12 kobolds
  2 kobold zombies (Ossuary)
  An orc zombie (Ossuary)
  A quokka skeleton (D:4)
  A quokka zombie (D:6)
  4 rats
  5 briar patches (Swamp:4)
  2 butterflies (Lair:6)
1387 creatures vanquished.

Vanquished Creatures (collateral kills)
  A deep elf blademaster (Elf:3)
  A deep elf master archer (Elf:3)
  A deep elf elementalist (Elf:3)
  An orc warlord (Bailey)
  A deep elf demonologist (Elf:3)
  2 deep elf annihilators (Elf:3)
  3 deep elf death magi (Elf:3)
  2 boulder beetles (D:11)
  The ghost of ZappyNine the Zephyrmancer, a novice DrAE of Ashenzari (D:8)
  A lindwurm (Swamp:4)
  A centaur zombie (D:11)
  3 trolls (D:11)
  A slime creature (D:11)
  A wraith (D:11)
  5 orc warriors
  A centaur (D:11)
  7 killer bees (D:11)
  An orc priest (D:8)
  A gnoll (Bailey)
  4 orcs
  4 goblins (Bailey)
  2 hobgoblins (Bailey)
45 creatures vanquished.

Vanquished Creatures (others)
  2 deep elf zephyrmancers (Elf:1)
  A deep elf pyromancer (Elf:2)
  An orc sorcerer (Elf:2)
  A bloated husk (Swamp:1)
  3 humans (Lair:4)
  A bullfrog (Lair:4)
  An orc priest (D:10)
  An orc wizard (Orc:1)
  2 orcs
  2 foxfires (Swamp:3)
  34 fungi
  32 plants
  A withered plant (D:8)
82 creatures vanquished.

Grand Total: 1514 creatures vanquished

Notes
Turn   | Place    | Note
-------+----------+-------------------------------------------
     0 | D:1      | robertstho the Minotaur Berserker began the quest for the
                  | Orb.
     0 | D:1      | Reached XP level 1. HP: 19/19 MP: 0/0
   245 | D:1      | Reached XP level 2. HP: 27/27 MP: 1/1
   262 | D:1      | Reached skill level 4 in Axes
   430 | D:1      | Reached XP level 3. HP: 32/33 MP: 2/2
   647 | D:1      | Reached ** piety under Trog
  1223 | D:2      | Reached XP level 4. HP: 41/41 MP: 3/3
  1293 | D:2      | Found a faded altar of an unknown god.
  2272 | D:3      | Reached skill level 1 in Shields
  2275 | D:3      | Reached skill level 5 in Fighting
  2470 | D:3      | Reached *** piety under Trog
  2471 | D:3      | Reached skill level 5 in Axes
  2471 | D:3      | Reached XP level 5. HP: 29/48 MP: 2/4
  2854 | D:4      | Reached XP level 6. HP: 56/56 MP: 5/5
  3255 | D:4      | Noticed an orc warrior
  3271 | D:4      | Noticed an ice beast
  3276 | D:4      | Killed an ice beast
  3291 | D:4      | Killed an orc warrior
  3292 | D:4      | Reached skill level 6 in Axes
  3292 | D:4      | Reached skill level 5 in Armour
  3292 | D:4      | Reached XP level 7. HP: 45/62 MP: 4/6
  3981 | D:5      | Entered Level 5 of the Dungeon
  3981 | D:5      | Found an ancient bone altar of Kikubaaqudgha.
  4132 | D:5      | Reached **** piety under Trog
  4159 | D:5      | Found Gyosef's Antique Armour Shop.
  4178 | D:5      | Reached skill level 7 in Axes
  4196 | D:5      | Reached XP level 8. HP: 71/71 MP: 7/7
  4370 | D:5      | Noticed Sigmund
  4375 | D:5      | Killed Sigmund
  4882 | D:5      | Reached skill level 5 in Shields
  5187 | D:6      | Found a hazy altar of Hepliaklqana.
  5226 | D:6      | Reached skill level 8 in Axes
  5297 | D:6      | Reached XP level 9. HP: 49/79 MP: 2/8
  5343 | D:6      | Found a sand-covered staircase.
  5350 | Ossuary  | Entered an ossuary
  6210 | D:6      | Found an iron altar of Okawaru.
  6273 | D:7      | Reached skill level 9 in Axes
  6301 | D:7      | Reached ***** piety under Trog
  6759 | D:7      | Found a staircase to the Ecumenical Temple.
  6831 | D:7      | Found an iron altar of Okawaru.
  6831 | D:7      | Found a shadowy altar of Dithmenos.
  7111 | D:8      | Found a runed translucent gate.
  7111 | D:8      | Found a runed translucent gate.
  7111 | D:8      | Found a runed translucent gate.
  7114 | D:8      | Noticed ZappyNine's ghost (novice DrAE)
  7432 | D:8      | Reached XP level 10. HP: 90/90 MP: 1/9
  7436 | D:8      | Reached skill level 10 in Axes
  7444 | D:8      | Identified the +6 executioner's axe "Zomugig" {flame, rF+}
                  | (Trog gifted it to you on level 8 of the Dungeon)
  7444 | D:8      | Received a gift from Trog
  7984 | D:8      | Found a sacrificial altar of Ru.
  8613 | D:8      | Noticed Maurice
  8620 | D:8      | Paralysed by Maurice for 5 turns
  8666 | D:8      | Killed Maurice
  8943 | D:8      | Reached skill level 10 in Armour
  8956 | D:8      | Killed ZappyNine's ghost
  9342 | D:9      | Noticed a tengu warrior
  9346 | D:9      | Noticed a manticore
  9349 | D:9      | Reached skill level 11 in Axes
  9354 | D:9      | Killed a tengu warrior
  9355 | D:9      | Killed a manticore
  9426 | D:9      | Found a flagged portal.
  9435 | Bailey   | Entered a bailey
  9611 | Bailey   | Reached skill level 10 in Fighting
  9614 | Bailey   | Reached XP level 11. HP: 83/99 MP: 8/10
  9728 | Bailey   | Noticed an orc knight
  9744 | Bailey   | HP: 2/148 [orc knight (16)]
  9751 | Bailey   | Killed an orc knight
  9752 | Bailey   | Reached skill level 12 in Axes
  9995 | Bailey   | Noticed an orc knight
  9996 | Bailey   | Noticed an orc warlord
 10001 | Bailey   | Killed an orc knight
 10019 | Bailey   | Killed an orc warlord
 10073 | Bailey   | Noticed an orc knight
 10086 | Bailey   | Killed an orc knight
 10177 | Bailey   | Reached skill level 13 in Axes
 10177 | Bailey   | Reached XP level 12. HP: 72/110 MP: 9/11
 10178 | Bailey   | Reached XP level 13. HP: 78/118 MP: 9/12
 10448 | D:9      | Found a staircase to the Lair.
 10480 | D:9      | Reached skill level 14 in Axes
 11327 | D:9      | Identified the +4 falchion of Ebbyll {vorpal, +Rage Int+4}
 11398 | D:10     | Entered Level 10 of the Dungeon
 11573 | D:10     | Received a gift from Trog
 11927 | D:10     | Found a staircase to the Orcish Mines.
 12161 | D:11     | Reached skill level 15 in Axes
 12163 | D:11     | HP: 5/122 [poisoned by a killer bee]
 12227 | D:11     | Found Ven Pago's Overcharged Wands.
 12445 | Lair:1   | Entered Level 1 of the Lair of Beasts
 12534 | Lair:1   | Reached XP level 14. HP: 111/129 MP: 10/13
 13490 | Lair:2   | Identified a scroll of acquirement
 13491 | Lair:2   | Acquired a manual of Dodging
 14142 | Lair:2   | Reached skill level 16 in Axes
 14756 | Lair:3   | Found a frozen archway.
 15080 | Lair:3   | Noticed Gastronok
 15088 | Lair:3   | Killed Gastronok
 15659 | Lair:4   | Noticed Kirke
 15683 | Lair:4   | Killed Kirke
 16072 | Lair:4   | Found a staircase to the Swamp.
 16103 | Lair:4   | Reached skill level 1 in Unarmed Combat
 16391 | Lair:4   | Found a staircase to the Snake Pit.
 16407 | Lair:4   | Noticed Nergalle
 16416 | Lair:4   | Killed Nergalle
 16528 | Lair:4   | Reached skill level 17 in Axes
 16859 | Lair:5   | Reached skill level 15 in Armour
 16947 | Lair:5   | Reached ****** piety under Trog
 17153 | Lair:5   | Found a runed translucent door.
 17153 | Lair:5   | Found a viscous altar of Jiyva.
 17154 | Lair:5   | Found a staircase to the Slime Pits.
 17197 | Lair:5   | You fall into a shaft and drop 1 floor!
 17197 | Lair:6   | Entered Level 6 of the Lair of Beasts
 17229 | Lair:6   | Received a gift from Trog
 17356 | Lair:6   | Reached skill level 15 in Fighting
 17378 | Lair:6   | Reached XP level 15. HP: 95/141 MP: 11/14
 18376 | Lair:6   | Reached skill level 18 in Axes
 19207 | Lair:6   | Received a gift from Trog
 20834 | D:11     | Received a gift from Trog
 20835 | D:11     | Reached skill level 19 in Axes
 21415 | D:11     | Reached XP level 16. HP: 134/152 MP: 12/15
 22262 | D:12     | Noticed Rupert
 22278 | D:12     | Killed Rupert
 23479 | D:13     | Received a gift from Trog
 24144 | D:14     | Found a flickering gateway to a bazaar.
 24200 | Bazaar   | Entered a bazaar
 24370 | Bazaar   | Found Ehitin's Book Emporium.
 24370 | Bazaar   | Found Utael's Book Emporium.
 24371 | Bazaar   | Found Dinuysch's Magic Scroll Shop.
 24402 | Bazaar   | Found Piowanaa's Magic Scroll Boutique.
 24410 | Bazaar   | Bought a scroll of identify for 32 gold pieces
 24410 | Bazaar   | Bought a scroll of identify for 32 gold pieces
 24410 | Bazaar   | Bought a scroll of identify for 32 gold pieces
 24410 | Bazaar   | Bought a scroll of blinking for 120 gold pieces
 24410 | Bazaar   | Bought a scroll of enchant armour for 120 gold pieces
 24410 | Bazaar   | Bought a scroll of teleportation for 48 gold pieces
 24426 | Bazaar   | Bought a scroll of identify for 22 gold pieces
 24426 | Bazaar   | Bought a scroll of identify for 22 gold pieces
 24426 | Bazaar   | Bought a scroll of identify for 22 gold pieces
 24426 | Bazaar   | Bought a scroll of teleportation for 33 gold pieces
 24426 | Bazaar   | Bought a scroll of summoning for 104 gold pieces
 24430 | Bazaar   | Bought 2 scrolls of identify for 44 gold pieces
 24430 | Bazaar   | Bought a scroll of identify for 22 gold pieces
 24430 | Bazaar   | Bought a scroll of identify for 22 gold pieces
 24430 | Bazaar   | Bought a scroll of identify for 22 gold pieces
 24499 | D:14     | Noticed Nessos
 24514 | D:14     | Killed Nessos
 24517 | D:14     | Found a gate to the Vaults.
 24886 | D:14     | Found a snail-covered altar of Cheibriados.
 25045 | D:14     | Reached skill level 20 in Axes
 25159 | D:15     | Entered Level 15 of the Dungeon
 25384 | D:15     | HP: 5/157 [titanic slime creature (79)]
 25548 | Orc:1    | Entered Level 1 of the Orcish Mines
 25967 | Orc:2    | Entered Level 2 of the Orcish Mines
 25967 | Orc:2    | Found a staircase to the Elven Halls.
 25982 | Orc:2    | Received a gift from Trog
 26391 | Orc:2    | Received a gift from Trog
 26671 | Orc:2    | Found Xoutysk's Weapon Emporium.
 26671 | Orc:2    | Found Zafoeppi's Weapon Boutique.
 26967 | Orc:2    | Found Zogamerr's Antique Weapon Emporium.
 26967 | Orc:2    | Found Kiokkusu's Assorted Antiques.
 26973 | Orc:2    | Bought a pair of bloodstained boots for 218 gold pieces
 26973 | Orc:2    | Identified the +4 pair of boots "Lyrphiud" {Will+ Slay+4}
                  | (You bought it in a shop on level 2 of the Orcish Mines)
 26973 | Orc:2    | Bought a potion of curing for 69 gold pieces
 26973 | Orc:2    | Bought an iron wand for 92 gold pieces
 27367 | Orc:1    | Found Apserauwn's Magic Scroll Shoppe.
 27376 | Orc:1    | Bought a scroll of teleportation for 48 gold pieces
 27376 | Orc:1    | Bought a scroll of blinking for 120 gold pieces
 27376 | Orc:1    | Bought a scroll of summoning for 152 gold pieces
 28618 | Snake:1  | Entered Level 1 of the Snake Pit
 28972 | Snake:1  | Reached XP level 17. HP: 165/165 MP: 12/16
 29260 | Snake:1  | Received a gift from Trog
 30365 | Snake:1  | Reached skill level 21 in Axes
 32699 | Snake:3  | Noticed Aizul
 32705 | Snake:3  | Killed Aizul
 32708 | Snake:3  | Received a gift from Trog
 34147 | Snake:4  | Entered Level 4 of the Snake Pit
 35211 | Snake:4  | Received a gift from Trog
 35221 | Snake:4  | Reached XP level 18. HP: 176/176 MP: 17/17
 35667 | Snake:4  | Reached skill level 22 in Axes
 36649 | Snake:4  | Received a gift from Trog
 36685 | Snake:4  | Got a serpentine rune of Zot
 37096 | Snake:4  | Found a runed translucent door.
 37096 | Snake:4  | Noticed lunkers's ghost (adept GnTm)
 37715 | Snake:4  | Killed lunkers's ghost
 38034 | Swamp:1  | Entered Level 1 of the Swamp
 40601 | Snake:1  | Identified the +0 cloak of the Louse {rCorr}
 40763 | Swamp:4  | Entered Level 4 of the Swamp
 40826 | Swamp:4  | Reached skill level 10 in Shields
 40857 | Swamp:4  | Reached skill level 23 in Axes
 41046 | Swamp:4  | Reached XP level 19. HP: 53/187 MP: 18/18
 41211 | Swamp:4  | Got a decaying rune of Zot
 41612 | Swamp:4  | Identified the amulet of Nuukhlon {rF+ rC+ Will+ Regen+
                  | Slay+2}
 41787 | Swamp:4  | Received a gift from Trog
 41872 | Swamp:4  | Found a runed translucent gate.
 41872 | Swamp:4  | Found a runed translucent gate.
 41872 | Swamp:4  | Found a runed translucent gate.
 41874 | Swamp:4  | Noticed Kacaoki's ghost (adept MiBe)
 41874 | Swamp:4  | Noticed Zukhihyth's ghost (adept DDFi)
 41876 | Swamp:4  | Noticed Piask's ghost (adept FoAK)
 42126 | Swamp:4  | Killed Kacaoki's ghost
 42132 | Swamp:4  | Killed Zukhihyth's ghost
 42137 | Swamp:4  | Killed Piask's ghost
 42145 | Swamp:4  | Identified the ring "Beuret" {*Corrode rPois rC+ Will-
                  | Int+8}
 42147 | Swamp:4  | Identified the +2 mace of Amorality {drain, rElec}
 42478 | Elf:1    | Entered Level 1 of the Elven Halls
 42641 | Elf:1    | Found Ogatouk's Assorted Antiques.
 42641 | Elf:1    | Found Zuaruts's Assorted Antiques.
 42645 | Elf:1    | Found Xoah's Magic Scroll Emporium.
 42649 | Elf:1    | Bought a potion of curing for 87 gold pieces
 42649 | Elf:1    | Bought a scroll of fear for 101 gold pieces
 42653 | Elf:1    | Bought a scroll of acquirement for 832 gold pieces
 42653 | Elf:1    | Bought a scroll of silence for 120 gold pieces
 42654 | Elf:1    | Acquired 305 gold pieces
 43553 | Elf:1    | Paralysed by an air elemental for 1 turns
 43557 | Elf:1    | Paralysed by an air elemental for 1 turns
 43635 | Elf:2    | Paralysed by an air elemental for 1 turns
 43659 | Elf:2    | Received a gift from Trog
 44611 | Elf:2    | Found a runed translucent gate.
 44611 | Elf:2    | Found a runed translucent gate.
 44612 | Elf:2    | Found a runed translucent gate.
 44941 | Elf:2    | Found Ijauhiomi's Antique Weapon Emporium.
 44948 | Elf:2    | Bought a faintly glowing war axe for 297 gold pieces
 44948 | Elf:2    | Identified the +8 war axe of the Saving Ass {drain, Will+
                  | Int+3} (You bought it in a shop on level 2 of the Elven
                  | Halls)
 44954 | Elf:2    | Reached XP level 20. HP: 198/198 MP: 19/19
 45367 | Elf:2    | Acquired 1032 gold pieces
 46004 | Elf:2    | Received a gift from Trog
 46615 | Elf:2    | Reached skill level 24 in Axes
 46820 | Elf:3    | Entered Level 3 of the Elven Halls
 47376 | Elf:3    | Identified the +5 rapier of Tumult {drain, rC+ Str+3}
 47385 | Elf:3    | Reached XP level 21. HP: 95/207 MP: 20/20
 47405 | Elf:3    | HP: 9/202 [acid (15)]
 47406 | Elf:3    | Killed from afar by a deep elf sorcerer

Illustrated notes

Levels and vault maps discovered:
D:1:      dpeg_arrival_windows_large_door, layout_basic,
          minmay_indecisive_spiral
D:2:      layout_basic, hellmonk_ecumenical_altar_crossroads, minmay_between
D:3:      layout_basic, minmay_vboxes
D:4:      minmay_chambers_of_fours, layout_loops_ring, corexii_hall_statues_t,
          serial_bayou_ford_a
D:5:      layout_basic, nicolae_kikubaaqudgha_miasma_corner, serial_shops,
          nicolae_shop_crystal, uniq_sigmund
D:6:      layout_rooms, enter_ossuary_4, minmay_misc_feat_x,
          hangedman_feature_mirror
D:7:      layout_cave_pools, gammafunk_temple_overflow_statue,
          minmay_temple_entry_ruins, hangedman_abyss_or_decor_stagger
D:8:      layout_layer_cave, nicolae_ru_great_annihilating_truth,
          biasface_ghost_orc_armoury, serial_undead, serial_undead_c,
          serial_undead_a, serial_undead_e, serial_undead_d, serial_undead_f,
          serial_undead_f, serial_undead_f, serial_undead_a, serial_undead_e,
          serial_undead_c, uniq_maurice
D:9:      layout_loops_ring, dpeg_oklobed_lair, enter_bailey_2,
          minmay_the_grid_2x2 [minmay_the_grid_gridbox,
          minmay_the_grid_dragon_b, minmay_the_grid_spin_star,
          minmay_the_grid_prize_trominoes]
D:10:     layout_cave_pools, orc_0_dummy, bh_hangedman_babel_library
D:11:     hangedman_what_comes_after_a, layout_basic,
          nicolae_shop_overcharged_wands
D:12:     layout_irregular_city, uniq_rupert
D:13:     layout_loops_cross
D:14:     layout_long_grid, david_vaults_3, serial_shops, bzr_entry_gold,
          special_room [special_room_bee], grunt_decor_arrowhead,
          cheibrodos_worm_habitat
D:15:     gammafunk_enter_depths_forms, layout_basic, chequers_garden,
          hangedman_abyss_or_decor_stabs, uniq_jorgrun
Lair:1:   beast_lair_carwin_large_2, layout_gridlike, minivault_26
Lair:2:   layout_cave_pods, chequers_serial_rivers_micro_d, grunt_megastairs_3,
          infiniplex_staircase_pool, lemuel_fruit_tree
Lair:3:   layout_concentric_octagons, portal_ice_cave_entry_pillars_2,
          grunt_forest_stairs_basic, uniq_gastronok
Lair:4:   layout_long_grid, swamp_mist, dummy_snake_entry,
          grunt_forest_large_clearings, uniq_nergalle, uniq_kirke
Lair:5:   slaughterhouse, layout_misc_corridors, slime_altar_2,
          wad_woods_road_05
Lair:6:   minmay_lair_end_enchanted_forest, layout_hall_layers, minivault_11,
          dpeg_oklob_1, serial_bayou_shore_b, infiniplex_staircase_pool_2,
          lemuel_fruit_fields
Swamp:1:  layout_basic_swamp, evilmike_swamp_ruin_house_5, swamp_pool2
Swamp:2:  layout_basic_swamp, evilmike_swamp_ruin_house_4
Swamp:3:  layout_basic_swamp, hangedman_swamp_blocks
Swamp:4:  swamp_alternative, layout_basic_swamp, gammafunk_ghost_cemetery
Snake:1:  layout_honeycomb
Snake:2:  nicolae_sea_snake_s, layout_layer_cave
Snake:3:  layout_misc_corridors, grunt_megastairs_1, uniq_aizul
Snake:4:  johnstein_snake_rune_scales, layout_cave_town,
          ebering_ghost_inner_flame
Orc:1:    orc_temple, layout_caves, serial_shops, shop_fountains
Orc:2:    st_orc_town, layout_caves, basic_altar
Elf:1:    eino_elf_arrival_customs, layout_loops_ring, minmay_elf_sorcery,
          minmay_shop_star
Elf:2:    layout_gridlike, serial_shops, nicolae_square_shop
Elf:3:    grunt_elf_hall_spiral, layout_gridlike, serial_glass, glass_columns_a,
          glass_columns_a, feat_on_display

Skill      XL: |  1  2  3  4  5  6  7  8  9 10 11 12 13 14 15 16 17 18 19 20 |
---------------+-------------------------------------------------------------+-----
Fighting       | 4 5 6 7 8 10 11 12 13 15 16 18 19 20 21 22 | 22.1
Axes           | 4 5 6 7 8 9 11 13 15 17 19 20 21 23 24 | 24.1
Armour         | 3 4 5 6 8 9 11 12 13 14 15 16 17 18 19 20 | 20.3
Shields        | 1 2 4 5 7 8 9 10 11 | 11.7
Dodging        | 3 4 6 7 8 |  8.6
Evocations     | 3 4 |  4.3
Unarmed Combat | 1 |  1.2

Action                   |  1- 3 |  4- 6 |  7- 9 | 10-12 | 13-15 | 16-18 | 19-21 || total
-------------------------+-------+-------+-------+-------+-------+-------+-------++-------
Melee: Hand axe          |    73 |    55 |   283 |    13 |       |       |       ||   424
       Headbutt          |     7 |    28 |    89 |    24 |   121 |   261 |    89 ||   619
       War axe           |       |    84 |   123 |       |       |       |   163 ||   370
       Executioner's axe |       |       |       |   164 |   748 |  1171 |   236 ||  2319
       Unarmed           |       |       |       |       |    12 |       |       ||    12
Invok: Berserk           |     2 |     3 |     8 |     8 |    14 |    22 |     5 ||    62
       Trog's Hand       |       |       |       |     4 |     5 |     2 |     3 ||    14
       Brothers in Arms  |       |       |       |     3 |     4 |     4 |     3 ||    14
Evoke: Wand              |       |       |       |     5 |       |     3 |     1 ||     9
       Phantom mirror    |       |       |       |       |       |     1 |       ||     1
  Use: Scroll            |     1 |       |    10 |     5 |     4 |    13 |     3 ||    36
       Potion            |       |       |       |     7 |     4 |     1 |     4 ||    16
 Stab: Distracted        |       |       |       |     1 |       |       |       ||     1
       Paralysed         |       |       |       |     1 |       |       |       ||     1
Armor: Animal skin       |    11 |       |       |       |       |       |       ||    11
       Chain mail        |    19 |    76 |       |       |       |       |       ||    95
       Plate armour      |       |       |   229 |   156 |   736 |   865 |   174 ||  2160
       Skin              |       |       |       |       |    63 |       |       ||    63
Dodge: Dodged            |    55 |    30 |    51 |    81 |   578 |   562 |    87 ||  1444
Block: Tower shield      |       |   114 |   357 |    13 |       |       |   176 ||   660
       Other             |       |       |       |       |       |   147 |    33 ||   180
       Reflection        |       |       |       |       |       |    18 |    26 ||    44

Table legend: (Time is in decaauts)
 A = Elapsed time spent in this place.
 B = Non-inter-level travel time spent in this place.
 C = Inter-level travel time spent in this place.
 D = Time resting spent in this place.
 E = Time spent auto-exploring this place.
 F = Levels seen in this place.
 G = Mean time per level.
                   A        B        C        D        E       F      G
               +--------+--------+--------+--------+--------+-----+--------+
         Total |  48535 |  45629 |   2906 |   5198 |  32658 |  37 | 1311.8 |
       Dungeon |  16513 |  15581 |    932 |    968 |  11608 |  15 | 1100.9 |
          Lair |   8788 |   8107 |    681 |    994 |   5898 |   6 | 1464.7 |
         Swamp |   4258 |   4038 |    220 |    178 |   3321 |   4 | 1064.5 |
     Snake Pit |   9560 |   8823 |    737 |   1398 |   6200 |   4 | 2390.0 |
  Orcish Mines |   2762 |   2487 |    275 |      0 |   1936 |   2 | 1381.0 |
   Elven Halls |   4922 |   4862 |     60 |   1323 |   2870 |   3 | 1640.7 |
        Bazaar |    237 |    237 |      0 |      0 |    209 |   1 |  237.0 |
       Ossuary |    452 |    452 |      0 |      0 |    314 |   1 |  452.0 |
        Bailey |   1039 |   1039 |      0 |    337 |    300 |   1 | 1039.0 |
               +--------+--------+--------+--------+--------+-----+--------+

Top non-repeatable levels by time:
   Elf:2: 3098 daAuts
     D:8: 2570 daAuts
 Snake:3: 2563 daAuts
 Snake:1: 2553 daAuts
 Snake:4: 2380 daAuts
 Snake:2: 2064 daAuts
  Lair:6: 1951 daAuts
  Lair:5: 1891 daAuts
   Orc:1: 1633 daAuts
  Lair:4: 1625 daAuts
 Swamp:4: 1562 daAuts
   Elf:1: 1482 daAuts
    D:11: 1392 daAuts
     D:5: 1332 daAuts
     D:9: 1296 daAuts
